 Seeded DCSS version 0.31-a0-544-gceb718ecc6 (webtiles) character file.

Game seed: 3826825538972431165 (custom seed)

698 innerfire43 the Ruffian (level 7, 0/53 HPs)
             Began as a Gnoll Shapeshifter on Aug 15, 2023.
             Was an Initiate of Qazlal.
             Slain by Pikel
             ... wielding a +2 whip of electrocution
              (11 damage)
             ... on level 4 of the Dungeon.
             The game lasted 00:04:12 (3165 turns).

innerfire43 the Ruffian (Gnoll Shapeshifter)        Turns: 3165, Time: 00:04:12

Health: 0/53       AC:  2    Str: 16    XL:     7   Next: 65%
Magic:  11/11      EV: 12    Int:  8    God:    Qazlal [......]
Gold:   261        SH: 11    Dex: 15    Spells: 11/11 levels left

rFire   . .          .
                       - Unarmed
rCold   . . .        e - +2 kite shield of Prudence {Drain rC- Will++ Dex+3}
rNeg    . . .        a - +0 animal skin
rPois   .            (helmet currently unavailable)
rElec   .            (cloak currently unavailable)
rCorr   .            (gloves currently unavailable)
SInv    .            (boots currently unavailable)
Will    ++...        (no amulet)
Stlth   ++           p - ring of protection from cold
HPRegen 0.28/turn    (no ring)
MPRegen 0.12/turn

%: no passive effects
@: beast-form
A: beast (slay +4), fangs 1, strong nose, distributed training
a: Begin Untransformation, Renounce Religion


You were on level 4 of the Dungeon.
You worshipped Qazlal.
Qazlal was noncommittal.
You were a hulking beast.
You visited 1 branch of the dungeon, and saw 4 of its levels.
You also visited: Ossuary.

You collected 261 gold pieces.

Inventory:

Missiles
 t - 2 boomerangs
Armour
 a - a +0 animal skin (worn)
 e - the +2 kite shield of Prudence (worn) {Drain rC- Will++ Dex+3}
   (You acquired it on level 1 of the Dungeon)

   Dex+3:     It affects your dexterity (+3).
   rC-:       It makes you vulnerable to cold.
   Will++:    It greatly increases your willpower.
   Drain:     It drains your maximum health when unequipped.
 r - a +0 helmet
Jewellery
 p - a ring of protection from cold (left hand)
 u - a ring of see invisible
Talismans
 c - a beast talisman (active)
 d - a flux talisman
Scrolls
 f - 2 scrolls of vulnerability {unknown}
 g - a scroll of amnesia {unknown}
 i - 2 scrolls of brand weapon {unknown}
 j - 2 scrolls of identify {unknown}
 k - 7 scrolls of noise
 l - a scroll of fog {unknown}
 o - a scroll of torment {unknown}
 s - 2 scrolls of enchant armour {unknown}
 x - a scroll of enchant weapon {unknown}
 y - a scroll of blinking {unknown}
 A - a scroll of fear {unknown}
 B - a scroll of teleportation {unknown}
Potions
 b - 2 potions of might {unknown}
 h - 2 potions of mutation {unknown}
 m - 4 potions of brilliance {unknown}
 n - 2 potions of cancellation {unknown}
 q - a potion of enlightenment {unknown}
 v - 2 potions of invisibility {unknown}
 w - a potion of curing
 z - a potion of haste {unknown}


   Skills:
 + Level 3.7 Fighting
 + Level 2.6 Short Blades
 + Level 2.6 Long Blades
 + Level 2.6 Axes
 + Level 2.6 Maces & Flails
 + Level 2.6 Polearms
 + Level 2.6 Staves
 + Level 2.6 Ranged Weapons
 + Level 2.6 Throwing
 + Level 2.6 Armour
 + Level 5.3 Dodging
 + Level 2.6 Stealth
 + Level 2.6 Shields
 + Level 7.1 Unarmed Combat
 + Level 2.6 Spellcasting
 + Level 2.1 Conjurations
 + Level 2.1 Hexes
 + Level 2.1 Summonings
 + Level 2.1 Necromancy
 + Level 2.1 Translocations
 + Level 2.1 Transmutations
 + Level 2.1 Fire Magic
 + Level 2.1 Ice Magic
 + Level 2.1 Air Magic
 + Level 2.1 Earth Magic
 + Level 2.1 Poison Magic
 + Level 3.0 Invocations
 + Level 2.6 Evocations
 + Level 6.9 Shapeshifting


You had 11 spell levels left.
You didn't know any spells.
Your spell library contained the following spells:

 Spells                   Type           Power      Damage    Failure   Level
 Necrotise                Necr           16%        1d4       38%         1
 Vampiric Draining        Necr           4%         2d6       77%         3
 Agony                    Necr           4%         N/A       100%        5


Dungeon Overview and Level Annotations

Branches:
Dungeon (4/15)             Temple (0/1) D:4         Ossuary (visited)

Altars:
Qazlal

Annotations:
D:4 Eustachio, Pikel


Innate Abilities, Weirdness & Mutations

You are a hulking beast.
Your limbs bulge with bestial killing power. (Slay +4)
You have very sharp teeth.
Your uncanny sense of smell can sniff out nearby items.
Your experience applies equally to all skills.


Message History

You kill the lemure!
That felt strangely unrewarding.
You block the lemure's attack.
The orc throws a stone.
The stone hits you.
Unknown command.
You block the orc's attack.
Unknown command.
You hit the orc.
The orc is moderately wounded.
The lemure misses you. The orc barely misses you.
Unknown command.
You punch the orc!
You kill the orc!
Qazlal accepts your kill. You block the bat's attack. The lemure hits you.
You completely miss the bat. The bat closely misses you.
You block the lemure's attack.
Unknown command.
You hit the bat.
The bat is heavily wounded.
You block the bat's attack. The lemure hits you!
Unknown command.
You hit the bat.
You kill the bat!
The bat's corpse disappears in a puff of smoke!
The lemure hits you.
Unknown command.
You punch Eustachio! Your bite misses Eustachio.
Eustachio is moderately wounded.
Eustachio gestures wildly while chanting.
Eustachio blinks!
The lemure hits you.
* * * LOW HITPOINT WARNING * * *
You hit Pikel but do no damage. You bite Pikel, but do no damage.
The lemure hits you.
* * * LOW HITPOINT WARNING * * *
Pikel waves his whip at you. Pikel barely misses you.
Unknown command.
You barely miss Pikel. You block the lemure's attack.
Pikel hits you with a +2 whip of electrocution!
You die...

..#.....##############.
......####### #.
...#........ #. ..
#....... ##. . #......
#.. #..... #.# ..@ #..
#K# ##### #.. # #h#
##...######.# #r#5#
##..#.....##.#
.###.r5###..###..#.##.#
#...........##.##....รท..
#####..##..##...##..##.#
#..#..##.....##..#.#
...#....#####'#####...#
......................#
...<................#..


You could see Eustachio, Pikel, 2 lemures and a quokka (summoned).

Vanquished Creatures
  Grinder (D:3)
  A centaur (D:4)
  A lemure (D:4)
  2 human zombies (Ossuary)
  A jelly (D:4)
  An orc priest (D:3)
  An iguana (D:4)
  Jessica (D:2)
  6 mummies
  Robin (D:2)
  4 adders
  4 gnolls (D:3)
  A worm (D:3)
  A dart slug (D:1)
  6 orcs
  4 bats
  8 endoplasms
  4 giant cockroaches
  13 goblins
  7 hobgoblins
  2 jackals (D:2)
  4 kobolds
  2 quokkas
  5 ball pythons
  4 frilled lizards
  A goblin zombie (Ossuary)
  3 kobold zombies (Ossuary)
  2 orc zombies (Ossuary)
  6 rats
97 creatures vanquished.

Notes
Turn   | Place    | Note
-------+----------+-------------------------------------------
     0 | D:1      | innerfire43 the Gnoll Shapeshifter began the quest for the
                  | Orb.
     0 | D:1      | Reached XP level 1. HP: 17/17 MP: 1/1
    65 | D:1      | Identified a scroll of acquirement
    65 | D:1      | Acquired the +2 kite shield of Prudence {Drain rC- Will++
                  | Dex+3}
   234 | D:1      | Reached XP level 2. HP: 18/23 MP: 2/2
   413 | D:1      | Reached XP level 3. HP: 28/28 MP: 3/3
   818 | D:2      | Reached skill level 1 in Invocations
   950 | D:2      | Reached skill level 1 in Short Blades
   950 | D:2      | Reached skill level 1 in Long Blades
   950 | D:2      | Reached skill level 1 in Axes
   950 | D:2      | Reached skill level 1 in Maces & Flails
   950 | D:2      | Reached skill level 1 in Polearms
   950 | D:2      | Reached skill level 1 in Staves
   950 | D:2      | Reached skill level 1 in Ranged Weapons
   950 | D:2      | Reached skill level 1 in Throwing
   950 | D:2      | Reached skill level 1 in Armour
   950 | D:2      | Reached skill level 1 in Stealth
   950 | D:2      | Reached skill level 1 in Shields
   950 | D:2      | Reached skill level 1 in Spellcasting
   950 | D:2      | Reached skill level 1 in Evocations
  1093 | D:2      | Noticed Jessica
  1099 | D:2      | Killed Jessica
  1100 | D:2      | Reached XP level 4. HP: 34/34 MP: 5/5
  1115 | D:2      | Reached skill level 1 in Conjurations
  1115 | D:2      | Reached skill level 1 in Hexes
  1115 | D:2      | Reached skill level 1 in Summonings
  1115 | D:2      | Reached skill level 1 in Necromancy
  1115 | D:2      | Reached skill level 1 in Translocations
  1115 | D:2      | Reached skill level 1 in Transmutations
  1115 | D:2      | Reached skill level 1 in Fire Magic
  1115 | D:2      | Reached skill level 1 in Ice Magic
  1115 | D:2      | Reached skill level 1 in Air Magic
  1115 | D:2      | Reached skill level 1 in Earth Magic
  1115 | D:2      | Reached skill level 1 in Poison Magic
  1201 | D:2      | Noticed Robin
  1241 | D:2      | Killed Robin
  1242 | D:2      | Reached XP level 5. HP: 29/40 MP: 5/7
  2045 | D:3      | Reached XP level 6. HP: 38/47 MP: 8/8
  2145 | D:4      | Noticed Grinder
  2189 | D:3      | Killed Grinder
  2190 | D:3      | Reached skill level 5 in Dodging
  2321 | D:4      | Reached skill level 7 in Unarmed Combat
  2321 | D:4      | Reached XP level 7. HP: 8/52 MP: 10/10
  2533 | D:4      | Found a sand-covered staircase.
  2543 | Ossuary  | Entered an ossuary
  2956 | D:4      | Found a stormy altar of Qazlal.
  3005 | D:4      | Noticed Eustachio
  3049 | D:4      | Became a worshipper of Qazlal Stormbringer
  3076 | D:4      | Found a staircase to the Ecumenical Temple.
  3147 | D:4      | Noticed Pikel
  3165 | D:4      | Slain by Pikel

Illustrated notes

Levels and vault maps discovered:
D:1:      roderic_crop_circles_arrival_large, layout_basic
D:2:      layout_basic, minmay_distorted, uniq_robin, uniq_jessica
D:3:      layout_basic, minivault_24, minmay_box_of_dots
D:4:      layout_rooms, nicolae_qazlal_eye_of_the_storm,
          mainiacjoe_overflow_chevrons, minmay_temple_entry_statues_fountains,
          gup_ossuary_entry_pyramid, nicolae_elevator_lobby_asterisk,
          uniq_grinder, uniq_eustachio, uniq_pikel, uniq_duvessa

Skill      XL: |  1  2  3  4  5  6  7 |
---------------+----------------------+-----
Invocations    | 1 2 3 |  3.0
Short Blades   | 1 2 |  2.6
Long Blades    | 1 2 |  2.6
Axes           | 1 2 |  2.6
Maces & Flails | 1 2 |  2.6
Polearms       | 1 2 |  2.6
Staves         | 1 2 |  2.6
Ranged Weapons | 1 2 |  2.6
Throwing       | 1 2 |  2.6
Armour         | 1 2 |  2.6
Stealth        | 1 2 |  2.6
Shields        | 1 2 |  2.6
Spellcasting   | 1 2 |  2.6
Evocations     | 1 2 |  2.6
Conjurations   | 1 2 |  2.1
Hexes          | 1 2 |  2.1
Summonings     | 1 2 |  2.1
Necromancy     | 1 2 |  2.1
Translocations | 1 2 |  2.1
Transmutations | 1 2 |  2.1
Fire Magic     | 1 2 |  2.1
Ice Magic      | 1 2 |  2.1
Air Magic      | 1 2 |  2.1
Earth Magic    | 1 2 |  2.1
Poison Magic   | 1 2 |  2.1
Fighting       | 3 |  3.7
Dodging        | 5 |  5.3
Unarmed Combat | 7 |  7.1
Shapeshifting  | |  6.9

Action                     |  1- 3 |  4- 6 |  7- 9 || total
---------------------------+-------+-------+-------++-------
  Melee: Unarmed           |    58 |   128 |    81 ||   267
         Bite              |     2 |    11 |    14 ||    27
    Use: Scroll            |     1 |       |       ||     1
         Potion            |       |     3 |       ||     3
   Stab: Sleeping          |     4 |     1 |     1 ||     6
         Distracted        |       |       |     1 ||     1
 Armour: Animal skin       |     6 |    12 |       ||    18
         Skin              |       |     8 |       ||     8
  Dodge: Dodged            |    23 |    53 |    16 ||    92
  Block: Kite shield       |    22 |    65 |    31 ||   118
   Form: Beast             |     1 |       |       ||     1
         Flux              |     1 |       |       ||     1

Table legend: (Time is in decaauts)
 A = Elapsed time spent in this place.
 B = Non-inter-level travel time spent in this place.
 C = Inter-level travel time spent in this place.
 D = Time resting spent in this place.
 E = Time spent auto-exploring this place.
 F = Levels seen in this place.
 G = Mean time per level.
                   A        B        C        D        E       F      G
               +--------+--------+--------+--------+--------+-----+--------+
         Total |   3177 |   3091 |     86 |      0 |   2375 |   5 |  635.4 |
       Dungeon |   2781 |   2695 |     86 |      0 |   2115 |   4 |  695.2 |
       Ossuary |    395 |    395 |      0 |      0 |    260 |   1 |  395.0 |
               +--------+--------+--------+--------+--------+-----+--------+

Top non-repeatable levels by time:
     D:3: 965 daAuts
     D:2: 675 daAuts
     D:1: 673 daAuts
     D:4: 467 daAuts
 Ossuary: 395 daAuts
